Map: Ley Lines

Players

pump

  • Race: Terran Terran
  • League: Diamond
  • Spawn Location: 7:00

A.I. 1 (Very Easy) - Winner!

  • Race: Protoss Protoss
  • Spawn Location: 1:00

VOD

Have the link to the VOD?

Description

inexorable takes over control from pump to show him his variation

VERY MUCH IMPROVED

Time

  • Played on: April 16, 2025, 4:34 p.m.
  • Length: 8:10
Show
View Real Time Build Order
Export as new Build Order

pump Terran 

Build Orders: Cyclone Opening, Gas First Reaper Expand 

Get SALT Encoding   

  6  0:01  SCV  
  13  0:13  SCV  
  14  0:17  Supply Depot  
  14  0:25  SCV  
  14  0:27  Refinery  
  15  0:38  SCV  
  16  0:45  Barracks  
  16  0:50  SCV  
  17  1:02  SCV  
  18  1:15  SCV  
  19  1:32  Orbital Command, Reaper  
  20  1:42  Command Center  
  20  1:53  Factory  
  20  1:58  SCV  
  21  2:06  Refinery  
  21  2:07  Barracks Reactor  
  21  2:10  Barracks Tech Lab  
  21  2:12  SCV  
  22  2:18  Supply Depot  
  22  2:24  SCV  
  23  2:38  Armory  
  23  2:40  SCV  
  24  2:44  Cyclone  
  27  2:52  SCV  
  27  2:54  Orbital Command  
  27  2:57  Barracks Reactor  
  28  3:04  SCV  
  29  3:12  Starport  
  29  3:13  Orbital Command  
  29  3:16  SCV  
  29  3:17  Widow Mine  
  32  3:28  Supply Depot  
  32  3:30  Drilling Claws, SCV  
  33  3:36  Marine x2  
  37  3:41  Widow Mine  
  37  3:44  SCV x2  
  39  3:53  Marine, Medivac  
  39  3:54  Marine  
  43  3:56  SCV  
  43  3:57  SCV  
  43  4:02  Widow Mine  
  47  4:08  SCV  
  47  4:09  SCV  
  49  4:10  Supply Depot  
  49  4:11  Marine x2  
  49  4:14  Barracks  
  51  4:20  SCV  
  51  4:21  SCV  
  53  4:24  Bunker  
  53  4:31  Siege Tank  
  53  4:32  Starport Tech Lab  
  53  4:33  SCV x2  
  53  4:34  Supply Depot  
  53  4:36  Marine x2  
  60  4:45  Supply Depot, SCV x2  
  62  4:48  Barracks  
  62  4:55  Marine x2  
  64  5:01  Refinery, Engineering Bay  
  64  5:04  Siege Tank  
  67  5:07  SCV x2  
  67  5:11  Supply Depot  
  69  5:16  Marine  
  69  5:17  Marine  
  69  5:18  Marauder, Stimpack  
  69  5:21  SCV x2  
  75  5:24  Refinery  
  75  5:31  Terran Infantry Weapons Level 1  
  75  5:33  SCV x2  
  75  5:34  Starport Reactor  
  77  5:37  Supply Depot  
  77  5:40  Marauder  
  79  5:43  Marine x2  
  79  5:46  Marauder  
  79  5:47  SCV x2  
  85  5:51  Supply Depot  
  85  5:52  Combat Shield  
  85  6:00  Supply Depot  
  85  6:03  Marine x2  
  85  6:04  Marauder, Factory Reactor  
  91  6:14  Supply Depot, Marine, Medivac  
  91  6:17  Medivac  
  94  6:27  Command Center, Marine x2  
  94  6:28  Marauder  
  94  6:32  Marauder  
  100  6:43  Barracks x2  
  100  6:45  Widow Mine  
  102  6:49  Marauder  
  102  6:50  Marine x2, Widow Mine  
  102  6:53  Marauder  
  110  6:58  Viking x2  
  114  7:02  SCV x2  
  116  7:08  Concussive Shells  
  116  7:10  Widow Mine  
  118  7:18  Supply Depot, Marine x2  
  118  7:19  Marauder x2  
  124  7:28  Medivac  
  126  7:33  Barracks Tech Lab  
  126  7:36  Barracks Reactor  
  126  7:39  SCV x2, Medivac  
  126  7:40  Marauder x2  
  134  7:46  Marine x2  
  134  7:48  Widow Mine x2  
  140  7:52  Supply Depot  
  140  7:53  Supply Depot  
  140  7:56  Ghost Academy  
Show
View Real Time Build Order
Export as new Build Order

A.I. 1 (Very Easy) Protoss - Winner!

Build Orders:  

Get SALT Encoding   

  6  0:00  Probe  
  13  0:13  Probe  
  14  0:19  Pylon  
  14  0:37  Assimilator  
  14  0:42  Gateway  
  14  0:45  Pylon  
  14  1:12  Assimilator  
  14  1:22  Zealot  
  14  1:24  Probe  
  14  1:31  Cybernetics Core  
  14  1:32  Probe  
  18  1:42  Probe  
  19  1:54  Probe  
  20  1:58  Warp Gate  
  20  2:02  Probe  
  21  2:10  Probe  
  22  2:34  Stalker  
  24  6:14  Probe  
  24  6:58  Probe  
  24  7:03  Adept  
  24  7:05  Pylon  
  24  7:06  Probe  
  24  7:07  Robotics Facility  
  27  7:11  Nexus  
  27  7:15  Probe  
Tags
 
Add a new tag
Caveats
  • Supply blocks, unpowered buildings, or Contaminate may cause inaccurate times.
  • Supply counts are checked every 10 seconds.